[ AOE2 MATCH · #507881002 ]
UnrankedChinese vs Celts
Player's team · LOSS
Rival team · WIN
[ REPLAY ANALYSIS · EXTRACTED FROM THE RECORDED GAME ]
Feudal
8:21
Castle
19:05
Imperial
—
| APM avg | 61.6 |
| APM peak | 88 |
| eAPM avg | 28.0 |
| Villagers / military | 68 / 25 |
Focus
⚔️ 30.8% · 🌾 69.2%
Archer ×16 · Knight ×7 · Monk ×2
Feudal
11:50
Castle
18:17
Imperial
—
| APM avg | 51.2 |
| APM peak | 79 |
| eAPM avg | 19.2 |
| Villagers / military | 38 / 28 |
Focus
⚔️ 27.9% · 🌾 72.1%
Knight ×11 · Scorpion ×8 · Monk ×3 · Militia ×3 · Battering Ram ×3
Match map
Initial resources + every placement click. Lines = walls · curves = elevation contours. ◆ gold · ⬟ stone · ● berries · ✦ relic · ◌ wall gap
Your base· Open — unwalled flank
pigrandom's base· Open — 5t gap
Smoothed initial terrain · ◌ = detected wall gap · hover for details
Inputs per minute
— CORP_ Zata - - pigrandom
Build order — CORP_ Zata
149 actions detected in the replay
| 0:01 | Research | Loom |
| 0:42 | Queue | Villager (Male) |
| 1:09 | Queue | Villager (Male) |
| 1:35 | Queue | Villager (Male) |
| 1:50 | Build | Lumber Camp |
| 2:01 | Queue | Villager (Male) |
| 2:01 | Queue | Villager (Male) |
| 2:01 | Queue | Villager (Male) |
| 2:26 | Queue | Villager (Male) |
| 2:27 | Queue | Villager (Male) |
| 2:50 | Queue | Villager (Male) |
| 2:50 | Queue | Villager (Male) |
| 3:15 | Queue | Villager (Male) |
| 3:15 | Queue | Villager (Male) |
| 3:16 | Queue | Villager (Male) |
| 3:22 | Build | House |
| 3:34 | Queue | Villager (Male) |
| 3:35 | Queue | Villager (Male) |
| 3:58 | Queue | Villager (Male) |
| 3:58 | Queue | Villager (Male) |
| 4:26 | Queue | Villager (Male) |
| 4:34 | Build | Mill |
| 4:53 | Queue | Villager (Male) |
| 5:45 | Queue | Villager (Male) |
| 6:05 | Research | Feudal Age |
| 6:05 | Research | Feudal Age |
| 6:05 | Research | Feudal Age |
| 6:38 | Build | Mining Camp |
| 6:46 | Queue | Villager (Male) |
| 6:57 | Build | House |
| 7:43 | Build | Barracks |
| 8:16 | Queue | Villager (Male) |
| 8:21 | Age | Feudal Age |
| 8:24 | Research | Double-Bit Axe |
| 8:49 | Queue | Villager (Male) |
| 8:57 | Build | Archery Range |
| 9:12 | Queue | Villager (Male) |
| 9:17 | Build | Palisade Wall |
| 9:22 | Build | House |
| 9:24 | Build | Palisade Wall |
| 9:26 | Build | House |
| 9:27 | Build | Palisade Wall |
| 9:29 | Build | Palisade Wall |
| 9:30 | Queue | Villager (Male) |
| 9:34 | Queue | Villager (Male) |
| 9:35 | Build | Palisade Wall |
| 9:36 | Build | Palisade Wall |
| 9:46 | Queue | Villager (Male) |
| 9:59 | Build | House |
| 10:00 | Queue | Archer |
| 10:15 | Queue | Archer |
| 10:18 | Build | Blacksmith |
| 10:24 | Queue | Villager (Male) |
| 10:31 | Queue | Archer |
| 10:40 | Queue | Villager (Male) |
| 10:52 | Queue | Archer |
| 10:57 | Queue | Villager (Male) |
| 10:59 | Build | Farm |
| 10:59 | Build | Farm |
| 11:12 | Build | House |
| 11:17 | Research | Fletching |
| 11:24 | Build | Farm |
| 11:27 | Build | Farm |
| 11:28 | Build | Farm |
| 11:29 | Queue | Villager (Male) |
| 11:48 | Queue | Archer |
| 11:49 | Queue | Villager (Male) |
| 12:26 | Queue | Archer |
| 12:50 | Queue | Villager (Male) |
| 12:52 | Queue | Villager (Male) |
| 12:55 | Build | Farm |
| 12:58 | Queue | Villager (Male) |
| 13:04 | Queue | Archer |
| 13:06 | Build | Farm |
| 13:07 | Build | Farm |
| 13:08 | Build | Farm |
| 13:18 | Queue | Villager (Male) |
| 13:28 | Queue | Villager (Male) |
| 13:29 | Queue | Archer |
| 13:33 | Build | Farm |
| 13:34 | Build | Farm |
| 13:35 | Build | Farm |
| 13:37 | Queue | Archer |
| 14:18 | Queue | Villager (Male) |
| 14:19 | Build | Farm |
| 14:26 | Queue | Villager (Male) |
| 14:38 | Queue | Villager (Male) |
| 14:44 | Queue | Villager (Male) |
| 14:52 | Queue | Villager (Male) |
| 14:57 | Queue | Villager (Male) |
| 14:58 | Build | Palisade Wall |
| 15:01 | Queue | Villager (Male) |
| 15:11 | Build | Market |
| 15:12 | Queue | Villager (Male) |
| 15:23 | Queue | Villager (Male) |
| 15:24 | Queue | Villager (Male) |
| 16:25 | Research | Castle Age |
| 16:27 | Queue | Archer |
| 16:52 | Queue | Archer |
| 17:03 | Queue | Villager (Male) |
| 17:04 | Build | Stable |
| 17:06 | Build | House |
| 17:54 | Queue | Archer |
| 17:57 | Queue | Villager (Male) |
| 18:00 | Build | Farm |
| 18:38 | Queue | Archer |
| 18:42 | Queue | Villager (Male) |
| 18:51 | Build | House |
| 18:52 | Build | House |
| 18:59 | Research | Town Watch |
| 19:05 | Age | Castle Age |
| 19:05 | Queue | Archer |
| 19:09 | Research | Bodkin Arrow |
| 19:09 | Research | Crossbowman (upgrade) |
| 19:12 | Queue | Knight |
| 19:14 | Queue | Villager (Male) |
| 19:15 | Research | Bow Saw |
| 19:26 | Build | Monastery |
| 19:30 | Queue | Archer |
| 19:31 | Queue | Knight |
| 19:33 | Queue | Villager (Male) |
| 19:48 | Queue | Villager (Male) |
| 20:15 | Queue | Villager (Male) |
| 20:19 | Queue | Monk |
| 20:23 | Queue | Villager (Male) |
| 20:23 | Queue | Archer |
| 20:25 | Build | House |
| 20:28 | Queue | Villager (Male) |
| 20:48 | Queue | Villager (Male) |
| 20:51 | Build | Palisade Gate |
| 20:51 | Queue | Villager (Male) |
| 20:57 | Build | Lumber Camp |
| 20:58 | Queue | Knight |
| 21:13 | Queue | Villager (Male) |
| 21:18 | Queue | Knight |
| 21:22 | Queue | Monk |
| 21:26 | Build | Mining Camp |
| 21:33 | Queue | Villager (Male) |
| 21:39 | Queue | Villager (Male) |
| 21:49 | Queue | Villager (Male) |
| 21:56 | Queue | Villager (Male) |
| 22:15 | Queue | Knight |
| 22:33 | Queue | Villager (Male) |
| 22:40 | Queue | Villager (Male) |
| 22:45 | Queue | Villager (Male) |
| 23:14 | Queue | Knight |
| 23:20 | Queue | Villager (Male) |
| 23:27 | Queue | Villager (Male) |
| 23:31 | Queue | Knight |
Build order — pigrandom
108 actions detected in the replay
| 0:01 | Queue | Villager (Male) |
| 0:02 | Build | House |
| 0:03 | Build | House |
| 0:43 | Queue | Villager (Male) |
| 0:43 | Queue | Villager (Male) |
| 0:44 | Queue | Villager (Male) |
| 0:44 | Queue | Villager (Male) |
| 0:44 | Queue | Villager (Male) |
| 1:41 | Queue | Villager (Male) |
| 2:04 | Queue | Villager (Male) |
| 2:04 | Queue | Villager (Male) |
| 2:20 | Queue | Villager (Male) |
| 2:20 | Queue | Villager (Male) |
| 2:39 | Build | Lumber Camp |
| 3:19 | Queue | Villager (Male) |
| 3:19 | Queue | Villager (Male) |
| 3:19 | Queue | Villager (Male) |
| 3:42 | Queue | Villager (Male) |
| 3:42 | Queue | Villager (Male) |
| 4:12 | Build | House |
| 4:23 | Queue | Villager (Male) |
| 4:23 | Queue | Villager (Male) |
| 4:49 | Queue | Villager (Male) |
| 5:05 | Build | House |
| 5:48 | Queue | Villager (Male) |
| 5:55 | Build | Barracks |
| 6:11 | Build | House |
| 6:13 | Build | Palisade Wall |
| 6:14 | Queue | Villager (Male) |
| 6:15 | Queue | Villager (Male) |
| 6:15 | Queue | Villager (Male) |
| 6:15 | Queue | Villager (Male) |
| 6:26 | Queue | Villager (Male) |
| 6:49 | Queue | Militia |
| 7:00 | Queue | Militia |
| 7:02 | Queue | Villager (Male) |
| 7:09 | Build | Mill |
| 7:10 | Queue | Villager (Male) |
| 7:10 | Queue | Villager (Male) |
| 7:38 | Queue | Villager (Male) |
| 7:42 | Queue | Militia |
| 8:10 | Queue | Villager (Male) |
| 9:00 | Build | Mining Camp |
| 9:15 | Queue | Villager (Male) |
| 9:18 | Research | Feudal Age |
| 9:22 | Research | Loom |
| 11:03 | Build | Palisade Wall |
| 11:11 | Build | House |
| 11:50 | Age | Feudal Age |
| 11:54 | Build | Market |
| 11:58 | Build | Blacksmith |
| 11:59 | Queue | Villager (Male) |
| 12:00 | Research | Double-Bit Axe |
| 12:20 | Queue | Villager (Male) |
| 12:25 | Build | Farm |
| 12:26 | Build | Farm |
| 12:41 | Build | Farm |
| 12:42 | Build | Farm |
| 12:56 | Build | Stable |
| 13:01 | Build | House |
| 13:06 | Build | House |
| 13:15 | Build | Watch Tower |
| 13:25 | Build | Farm |
| 13:26 | Build | Farm |
| 13:41 | Queue | Villager (Male) |
| 13:42 | Queue | Villager (Male) |
| 14:02 | Build | Farm |
| 14:05 | Queue | Villager (Male) |
| 15:06 | Queue | Villager (Male) |
| 15:37 | Research | Castle Age |
| 15:37 | Research | Castle Age |
| 16:06 | Build | Farm |
| 16:07 | Build | Farm |
| 16:11 | Build | Farm |
| 16:14 | Queue | Villager (Male) |
| 18:08 | Research | Scale Barding Armor |
| 18:17 | Age | Castle Age |
| 18:25 | Build | Siege Workshop |
| 18:29 | Queue | Knight |
| 18:47 | Queue | Knight |
| 18:51 | Build | Farm |
| 18:53 | Build | Farm |
| 19:00 | Queue | Scorpion |
| 19:03 | Queue | Battering Ram |
| 19:15 | Build | Stable |
| 19:17 | Build | Outpost |
| 19:25 | Queue | Knight |
| 19:47 | Queue | Knight |
| 19:59 | Queue | Scorpion |
| 20:01 | Queue | Battering Ram |
| 20:19 | Queue | Knight |
| 20:35 | Build | Monastery |
| 20:52 | Queue | Knight |
| 20:52 | Queue | Knight |
| 21:24 | Queue | Scorpion |
| 21:25 | Queue | Scorpion |
| 21:37 | Queue | Knight |
| 21:42 | Queue | Monk |
| 21:54 | Queue | Scorpion |
| 22:09 | Queue | Monk |
| 22:24 | Queue | Scorpion |
| 22:25 | Queue | Scorpion |
| 23:02 | Queue | Knight |
| 23:02 | Queue | Knight |
| 23:39 | Queue | Scorpion |
| 23:40 | Queue | Battering Ram |
| 24:04 | Queue | Monk |
| 24:05 | Queue | Knight |
Match timeline
| 5:55 | pigrandom · first_building Barracks |
| 6:13 | pigrandom · wall_segment Palisade Wall x4 |
| 7:43 | CORP_ Zata · first_building Barracks |
| 8:21 | CORP_ Zata · age_up feudal |
| 8:57 | CORP_ Zata · first_building Archery Range |
| 9:17 | CORP_ Zata · wall_segment Palisade Wall x1 |
| 9:24 | CORP_ Zata · wall_segment Palisade Wall x1 |
| 9:27 | CORP_ Zata · wall_segment Palisade Wall x1 |
| 9:29 | CORP_ Zata · wall_segment Palisade Wall x1 |
| 9:35 | CORP_ Zata · wall_segment Palisade Wall x1 |
| 9:36 | CORP_ Zata · wall_segment Palisade Wall x1 |
| 11:03 | pigrandom · wall_segment Palisade Wall x4 |
| 11:50 | pigrandom · age_up feudal |
| 12:56 | pigrandom · first_building Stable |
| 14:20 | pigrandom · first_market_buy 100 food |
| 14:58 | CORP_ Zata · wall_segment Palisade Wall x1 |
| 15:32 | pigrandom · first_market_sell 100 wood |
| 16:13 | CORP_ Zata · first_market_buy 100 food |
| 16:14 | CORP_ Zata · first_market_sell 100 wood |
| 17:04 | CORP_ Zata · first_building Stable |
| 18:17 | pigrandom · age_up castle |
| 18:25 | pigrandom · first_building Siege Workshop |
| 19:05 | CORP_ Zata · age_up castle |
| 19:26 | CORP_ Zata · first_building Monastery |
| 20:35 | pigrandom · first_building Monastery |
| 24:13 | CORP_ Zata · resign |
[ AI ANALYSIS · 1 CREDIT ]
What really happened in this match?
Wolo.gg analyzes every decision: build order, eco, micro, common mistakes by bracket. Personalized analysis on WhatsApp or Discord in 30 seconds.
Civ guide
Chinese
Perfil
Jugador #1179965